 Dungeon Crawl Stone Soup version 0.30.0 (webtiles) character file.

Game seed: 9638814695836531550

142938 Farfigtubin the Warrior (level 16, -13/161 HPs)
             Began as a Minotaur Fighter on May 6, 2023.
             Was the Champion of Jiyva.
             Mangled by an alligator snapping turtle (33 damage)
             ... on level 4 of the Shoals.
             The game lasted 01:59:12 (19886 turns).

Farfigtubin the Warrior (Minotaur Fighter)         Turns: 19886, Time: 01:59:13

Health: -13/161    AC: 24    Str: 27    XL:     16   Next: 81%
Magic:  15/15      EV: 16    Int:  8    God:    Jiyva [******]
Gold:   770        SH: 11    Dex: 13    Spells: 15/15 levels left

rFire   . . .        U - +2 morningstar (vamp)
rCold   + . .        c - +0 buckler
rNeg    . . .        P - +3 plate armour {Will+}
rPois   +            (helmet restricted)
rElec   .            R - +1 cloak
rCorr   +            h - +0 pair of gloves
SInv    +            Y - +2 pair of boots
Will    ++...        g - amulet of reflection Stlth
                     t - ring of see invisible
HPRegen 2.06/turn    (no ring)
MPRegen 0.64/turn

%: reflection
@: mighty, invisible, very slow
A: horns 2, retaliatory headbutt, fangs 1, hooves 1, agile 1, clever 1, cold
resistance 1, poison resistance, eyeballs 2, gelatinous body 2, pseudopods 3,
jelly sensing items, noise suppression
a: Renounce Religion, Oozemancy, Slimify


You were on level 4 of the Shoals.
You worshipped Jiyva.
Jiyva was exalted by your worship.
You visited 4 branches of the dungeon, and saw 26 of its levels.
You visited the Abyss 1 time.

You collected 1251 gold pieces.
You spent 481 gold pieces at shops.

Inventory:

Hand Weapons
 U - a +2 vampiric morningstar (weapon)
Missiles
 a - 2 boomerangs
 l - 6 curare-tipped darts
 B - a silver boomerang (quivered)
 Z - 3 javelins
Armour
 c - a +0 buckler (worn)
 h - a +0 pair of gloves (worn)
 M - a scarf of resistance
 P - a +3 plate armour of willpower (worn)
 R - a +1 cloak (worn)
 Y - a +2 pair of boots (worn)
Jewellery
 g - an amulet of reflection (around neck)
 n - an amulet of regeneration
 t - a ring of see invisible (left hand)
 H - an amulet of guardian spirit
Wands
 b - a wand of mindburst (9)
 e - a wand of polymorph (6)
 I - a wand of flame (29)
 J - a wand of paralysis (4)
 L - a wand of digging (18)
 Q - a wand of iceblast (5)
 T - a wand of acid (7)
Scrolls
 f - 2 scrolls of noise
 i - 8 scrolls of identify
 j - 9 scrolls of enchant armour
 k - 7 scrolls of teleportation
 m - 4 scrolls of blinking {unknown}
 p - a scroll of brand weapon {unknown}
 r - 3 scrolls of fog
 s - 2 scrolls of enchant weapon {unknown}
 w - 2 scrolls of immolation
 y - 2 scrolls of poison {unknown}
 D - 3 scrolls of vulnerability
 F - 2 scrolls of fear
 G - 3 scrolls of magic mapping {unknown}
 O - 2 scrolls of acquirement {unknown}
 V - 2 scrolls of amnesia {unknown}
 X - a scroll of butterflies {unknown}
Potions
 d - 5 potions of brilliance {unknown}
 o - 2 potions of attraction
 q - a potion of mutation {unknown}
 u - a potion of resistance {unknown}
 v - 2 potions of berserk rage
 x - 2 potions of lignification {unknown}
 z - 13 potions of ambrosia
 A - 2 potions of curing
 C - 2 potions of flight {unknown}
 K - 2 potions of magic {unknown}
 N - a potion of invisibility
Miscellaneous
 E - a piece from Xom's chessboard (15/15)


   Skills:
 + Level 19.5 Fighting
 - Level 16.0 Maces & Flails
 + Level 5.4 Throwing
 + Level 14.6 Armour
 - Level 17.3 Dodging
 - Level 9.4 Shields
 - Level 7.0 Evocations


You had 15 spell levels left.
You didn't know any spells.
Your spell library contained the following spells:

 Spells                   Type           Power      Damage    Failure   Level
 Ensorcelled Hibernation  Hex/Ice        0%         N/A       99%         2
 Poisonous Vapours        Pois/Air       0%         N/A       99%         2
 Inner Flame              Hex/Fire       0%         N/A       100%        3
 Mephitic Cloud           Conj/Pois/Air  0%         N/A       100%        3
 Spider Form              Tmut/Pois      0%         N/A       100%        3
 Vhi's Electric Charge    Tloc/Air       0%         N/A       100%        3
 Anguish                  Hex/Necr       0%         N/A       100%        4
 Cause Fear               Hex            0%         N/A       100%        4
 Arcjolt                  Conj/Air       0%         1d10      100%        5
 Freezing Cloud           Conj/Ice/Air   0%         6-21      100%        5
 Yara's Violent Unravell  Hex/Tmut       0%         3d3       100%        5
 Plasma Beam              Fire/Air       0%         2x1d11    100%        6
 Enfeeble                 Hex            0%         N/A       100%        7


Dungeon Overview and Level Annotations

Branches:
Dungeon (15/15)            Temple (0/1) D:7            Lair (5/5) D:10
 Shoals (4/4) Lair:2        Snake (0/4) Lair:3        Slime (0/5) Lair:5
    Orc (2/2) D:12            Elf (0/3) Orc:2        Vaults (0/5) D:14
 Depths (0/4) D:15

Altars:
Dithmenos
Hepliaklqana
Okawaru
Trog
Wu Jian
Zin
Jiyva

Shops:
D:8 *   D:11 :   Orc:1 *   Orc:2 *(*?=*   Shoals:1 !

Portals:
Abyss: D:15
Trove: D:11 (give 7 scrolls of fear)

Annotations:
D:4 3 runed translucent doors, Fractals's ghost, amateur HuHW
D:12 2 transporters, squishfish's ghost, journeyman TrMo
D:15 2 transporters, Qishud's ghost, adept GrEE
Lair:5 exclusion: 2 oklob plants


Innate Abilities, Weirdness & Mutations

You have a pair of horns on your head.
You reflexively headbutt those who attack you in melee.
You have very sharp teeth.
You have large cloven feet.
You are agile. (Dex +4, Str/Int -1)
Your mind is acute. (Int +4, Str/Dex -1)
Your flesh is cold resistant. (rC+)
Your system is resistant to poisons. (rPois)
Your body has grown many eyes which may confuse attackers. (Acc +5)
Your pliable body absorbs attacks. (AC +2, EV +2)
Armour fits poorly on your massive pseudopods.
You have a small jelly attached to you that senses nearby items.
You passively dampen the noise of your surroundings.


Message History

The snapping turtle bites itself!
You block the merfolk impaler's attack.
The merfolk throws a javelin.
The javelin closely misses you.
The merfolk siren chants a haunting song.
You resist with almost no effort.
The merfolk siren chants its luring song.
You impale the merfolk siren!!
You feel better.
You are no longer entranced.
You kill the merfolk siren!
You hear a splash.
The merfolk impaler hits you from afar with a +0 demon trident of freezing!!
The merfolk impaler freezes you.
The alligator snapping turtle bites you from afar!!!
* * * LOW HITPOINT WARNING * * *
You block the merfolk siren's attack.
The snapping turtle bites itself but does no damage.
The alligator snapping turtle closely misses you.
The merfolk siren hits you but does no damage.
The merfolk impaler barely misses you.
You feel better.
You hear a distant slurping noise.
The snapping turtle completely misses the merfolk.
The merfolk impaler hits you from afar with a +0 demon trident of freezing!
* * * LOW HITPOINT WARNING * * *
The merfolk impaler freezes you.
* * * LOW HITPOINT WARNING * * *
The merfolk siren chants a haunting song.
You resist.
The alligator snapping turtle closely misses you.
The merfolk impaler closely misses you.
As you read the scroll of fear, it crumbles to dust.
You assume a fearsome visage.
The alligator snapping turtle looks frightened!
The snapping turtle looks frightened!
The merfolk siren looks frightened!
The sea snake looks frightened!
The merfolk looks frightened! x2
The merfolk impaler looks frightened!
The merfolk looks frightened! x3
The snapping turtle looks frightened!
The snapping turtle bites the alligator snapping turtle.
The snapping turtle's attack snaps the alligator snapping turtle out of its fear.
The alligator snapping turtle bites you from afar!!
You die...

.~......
.
<.......
.
........
#######.
........
##~~#Stm#
........
#~~m≈mm~#
~......~
##~#~#~m#
~~...[.~
#~≈~)tt)#
~~~).....
##~#~#)~#
~~~~.....
#~~~m~@~#
~~~~.....
##~~~~~##
~~~..../.
#######
~~.......
~........
...~.....
~~~~.m...
mmm###~##
~mm#


You could see an alligator snapping turtle, a merfolk impaler (fleeing), a sea
snake (fleeing), 2 snapping turtles, 4 merfolk and a merfolk siren (fleeing).

Vanquished Creatures
  Jorgrun (Shoals:1)
  A kraken (Shoals:2)
  A frost giant (Shoals:2)
  An orc warlord (Orc:2)
  A green draconian (Abyss:2)
  4 very ugly things (Abyss:2)
  Nessos (Lair:4)
  10 merfolk impalers
  Josephine (D:15)
  4 catoblepae (Lair:5)
  An ogre mage (Orc:1)
  3 hydras
  3 merfolk avatars
  10 two-headed ogres
  6 centaur warriors
  3 merfolk aquamancers
  7 death yaks
  5 satyrs
  5 boulder beetles
  5 orc high priests (Orc:2)
  A thrashing horror (Abyss:2)
  3 skysharks
  A soul eater (Abyss:2)
  3 wretched stars (Abyss:2)
  10 sea snakes
  A lindwurm (Lair:5)
  2 wizards
  9 orc knights
  2 deep elf pyromancers (D:13)
  10 cyclopes
  11 harpies
  5 fauns
  9 ugly things
  10 manticores
  15 elephants
  Maurice (D:9)
  7 black mambas
  A rust devil (Abyss:2)
  2 smoke demons (Abyss:2)
  A water nymph (Shoals:3)
  11 merfolk sirens
  3 torpor snails
  2 gargoyles
  8 cane toads
  3 rime drakes
  2 unseen horrors
  5 kobold demonologists
  An efreet (D:14)
  6 komodo dragons
  2 tengu conjurers
  19 merfolk
  A guardian mummy (D:11)
  A troll (shapeshifter) (D:14)
  9 trolls
  3 hellwings (Abyss:2)
  A queen bee (D:11)
  4 polar bears
  A hydra skeleton (Abyss:2)
  5 wind drakes
  A wolf spider simulacrum (D:15)
  19 blink frogs
  3 raiju (Abyss:2)
  A dream sheep (shapeshifter) (D:14)
  8 dream sheep
  2 snapping turtles
  A vampire (D:11)
  9 wraiths
  71 yaks
  4 water elementals
  5 wyverns
  A steam dragon (Lair:3)
  A basilisk (D:13)
  A chaos spawn (Abyss:2)
  15 vampire mosquitoes
  4 wargs (Orc:2)
  2 large abominations (Abyss:2)
  An acid dragon (D:10)
  19 water moccasins
  2 ice beasts
  2 sky beasts (D:7)
  3 black bears (D:5)
  38 orc warriors
  An ogre (Orc:1)
  13 wolves
  6 centaurs
  4 kobold brigands
  A phantom (D:5)
  10 bullfrogs
  2 gnoll sergeants
  A scorpion (D:4)
  7 wights (D:8)
  35 killer bees
  4 electric eels
  7 howler monkeys
  6 hounds
  25 orc priests
  A gnoll bouda (D:6)
  Jessica (D:2)
  19 orc wizards
  Terence (D:3)
  An iguana (D:7)
  A sleepcap (D:6)
  8 adders
  16 gnolls
  3 white imps
  2 worms (D:2)
  5 dart slugs
  66 orcs
  5 ball pythons
  3 bats
  3 endoplasms
  2 giant cockroaches
  4 hobgoblins
  3 jackals (D:3)
  2 quokkas
  2 goblins
  15 kobolds
  3 rats
  A butterfly (Lair:3)
  4 tentacles (Shoals:2)
770 creatures vanquished.

Vanquished Creatures (others)
  2 very ugly things (D:15)
  3 great orbs of eyes (D:15)
  An ogre mage (D:15)
  A two-headed ogre (D:15)
  A wizard (D:15)
  An orc knight (Orc:2)
  A manticore (D:14)
  3 ugly things (D:15)
  A yak (D:11)
  A water elemental (Shoals:1)
  2 slime creatures (D:15)
  A water moccasin (Lair:4)
  An ogre (Orc:1)
  2 scorpions (D:4)
  A bullfrog (Lair:4)
  An electric eel (D:10)
  A howler monkey (D:7)
  An orc priest (Orc:2)
  79 jellies
  2 orc wizards
  A gnoll (D:5)
  An adder (D:5)
  A shadow imp (D:7)
  3 endoplasms
  10 orcs
  4 goblins (D:9)
  3 hobgoblins
  A jackal (D:3)
  A quokka (D:4)
  2 kobolds
  2 rats (D:3)
  A butterfly (Lair:5)
  68 fungi
  A lurking horror (D:15)
  151 plants
  5 tentacles (Shoals:2)
361 creatures vanquished.

Grand Total: 1131 creatures vanquished

Notes
Turn   | Place    | Note
-------+----------+-------------------------------------------
     0 | D:1      | Farfigtubin the Minotaur Fighter began the quest for the
                  | Orb.
     0 | D:1      | Reached XP level 1. HP: 19/19 MP: 0/0
   399 | D:1      | Reached XP level 2. HP: 27/27 MP: 1/1
  1024 | D:2      | Reached skill level 4 in Fighting
  1084 | D:2      | Reached XP level 3. HP: 30/33 MP: 2/2
  1141 | D:2      | Noticed Jessica
  1149 | D:2      | Killed Jessica
  1222 | D:2      | Reached XP level 4. HP: 41/41 MP: 3/3
  1236 | D:2      | Found a faded altar of an unknown god.
  1280 | D:2      | Prayed at the altar of an unknown god.
  1280 | D:2      | Became a worshipper of Jiyva Juyshrog the Shapeless
  1280 | D:2      | Reached * piety under Jiyva
  1703 | D:3      | Noticed Terence
  1712 | D:3      | Killed Terence
  1713 | D:3      | Reached XP level 5. HP: 44/46 MP: 4/4
  1723 | D:3      | Reached ** piety under Jiyva
  1784 | D:3      | You fall into a shaft and drop 2 floors!
  1784 | D:5      | Entered Level 5 of the Dungeon
  1792 | D:5      | Noticed a water moccasin
  1800 | D:5      | Killed a water moccasin
  1801 | D:5      | Reached skill level 5 in Fighting
  1801 | D:5      | Reached skill level 5 in Maces & Flails
  1801 | D:5      | Reached skill level 5 in Armour
  1826 | D:5      | Reached XP level 6. HP: 41/56 MP: 5/5
  2191 | D:4      | Found a runed translucent gate.
  2192 | D:4      | Found a runed translucent gate.
  2193 | D:4      | Found a runed translucent gate.
  2194 | D:4      | Noticed Fractals's ghost (amateur HuHW)
  2224 | D:4      | Reached *** piety under Jiyva
  2713 | D:5      | Reached XP level 7. HP: 53/62 MP: 6/6
  2722 | D:5      | Reached skill level 6 in Fighting
  2759 | D:5      | Gained mutation: You have an increased reservoir of magic.
                  | (+10% MP) [Jiyva's grace]
  2759 | D:5      | Gained mutation: You have a considerably increased
                  | reservoir of magic. (+20% MP) [Jiyva's grace]
  2759 | D:5      | Gained mutation: You have a greatly increased reservoir of
                  | magic. (+30% MP) [Jiyva's grace]
  2759 | D:5      | Gained mutation: Your rubbery body absorbs attacks. (AC +1,
                  | EV +1) [Jiyva's grace]
  3016 | D:5      | Reached XP level 8. HP: 71/71 MP: 9/9
  3117 | D:5      | Reached **** piety under Jiyva
  3191 | D:5      | Identified the +3 ring mail "Sakh" {rElec rPois}
  3365 | D:6      | Reached skill level 7 in Fighting
  3904 | D:7      | Found a staircase to the Ecumenical Temple.
  4007 | D:7      | Reached skill level 10 in Maces & Flails
  4073 | D:7      | Reached ***** piety under Jiyva
  4129 | D:7      | Reached XP level 9. HP: 81/81 MP: 10/10
  4327 | D:7      | Reached skill level 8 in Fighting
  4576 | D:7      | Lost mutation: You have a greatly increased reservoir of
                  | magic. (+30% MP) [Jiyva's grace]
  4576 | D:7      | Lost mutation: You have a considerably increased reservoir
                  | of magic. (+20% MP) [Jiyva's grace]
  4576 | D:7      | Gained mutation: You have a considerably increased
                  | reservoir of magic. (+20% MP) [Jiyva's grace]
  4576 | D:7      | Gained mutation: You have a greatly increased reservoir of
                  | magic. (+30% MP) [Jiyva's grace]
  4576 | D:7      | Gained mutation: You are robust. (+10% HP) [Jiyva's grace]
  4576 | D:7      | Gained mutation: You are very robust. (+20% HP) [Jiyva's
                  | grace]
  4946 | D:8      | Found Lewada's Assorted Antiques.
  5028 | D:8      | Bought a scroll labelled PYAKIY QIMAB for 28 gold pieces
  5121 | D:8      | Reached skill level 9 in Fighting
  5496 | D:9      | Noticed Erolcha
  5499 | D:9      | Slimified Erolcha
  5499 | D:9      | Erolcha changed into Erolcha the jelly
  5499 | D:9      | Noticed Erolcha
  5559 | D:9      | Noticed Maurice
  5568 | D:9      | Killed Maurice
  5569 | D:9      | Reached XP level 10. HP: 109/109 MP: 12/12
  6000 | D:9      | Found a bloodstained altar of Trog.
  6031 | D:10     | Entered Level 10 of the Dungeon
  6102 | D:10     | Noticed a cyclops
  6116 | D:10     | Reached skill level 10 in Fighting
  6116 | D:10     | Reached skill level 10 in Armour
  6124 | D:10     | Killed a cyclops
  6126 | D:10     | Reached skill level 11 in Fighting
  6129 | D:10     | Noticed a gargoyle
  6134 | D:10     | Killed a gargoyle
  6135 | D:10     | Reached XP level 11. HP: 38/122 MP: 8/13
  6194 | D:10     | Found a staircase to the Lair.
  6517 | D:10     | Found a glowing silver altar of Zin.
  6521 | D:10     | Found an ornate altar of the Wu Jian Council.
  6521 | D:10     | Found a shadowy altar of Dithmenos.
  6523 | D:10     | Found a hazy altar of Hepliaklqana.
  6641 | Lair:1   | Entered Level 1 of the Lair of Beasts
  7357 | Lair:2   | Reached skill level 12 in Fighting
  7420 | Lair:2   | Found a shadowy altar of Dithmenos.
  7512 | Lair:2   | Noticed a four-headed hydra
  7521 | Lair:2   | Killed a four-headed hydra
  7539 | Lair:2   | Reached skill level 13 in Fighting
  7806 | Lair:2   | Found a staircase to the Shoals.
  7901 | Lair:2   | Lost mutation: You have a greatly increased reservoir of
                  | magic. (+30% MP) [Jiyva's grace]
  7901 | Lair:2   | Lost mutation: You have a considerably increased reservoir
                  | of magic. (+20% MP) [Jiyva's grace]
  7901 | Lair:2   | Gained mutation: Your melee attacks may engulf your foes in
                  | ooze. [Jiyva's grace]
  7901 | Lair:2   | Gained mutation: You have a small jelly attached to you
                  | that may absorb projectiles. [Jiyva's grace]
  7901 | Lair:2   | Gained mutation: You are agile. (Dex +4, Str/Int -1)
                  | [Jiyva's grace]
  7901 | Lair:2   | Gained mutation: You are very agile. (Dex +8, Str/Int -2)
                  | [Jiyva's grace]
  7912 | Lair:2   | Reached XP level 12. HP: 139/139 MP: 12/12
  8131 | Lair:2   | Reached skill level 14 in Fighting
  8293 | Lair:3   | Found a staircase to the Snake Pit.
  8308 | Lair:3   | Reached ****** piety under Jiyva
  8318 | Lair:3   | Reached skill level 1 in Dodging
  9126 | Lair:3   | Reached skill level 5 in Shields
  9358 | Lair:4   | Reached skill level 5 in Dodging
  9419 | Lair:4   | Reached skill level 15 in Fighting
  9453 | Lair:4   | Noticed a death yak
  9457 | Lair:4   | Noticed a death yak
  9620 | Lair:4   | Killed a death yak
  9621 | Lair:4   | Reached XP level 13. HP: 142/151 MP: 13/13
  9823 | Lair:4   | Reached skill level 15 in Maces & Flails
  9839 | Lair:4   | Lost mutation: You are very agile. (Dex +8, Str/Int -2)
                  | [Jiyva's grace]
  9839 | Lair:4   | Lost mutation: You are very robust. (+20% HP) [Jiyva's
                  | grace]
  9839 | Lair:4   | Gained mutation: Your mind is acute. (Int +4, Str/Dex -1)
                  | [Jiyva's grace]
  9839 | Lair:4   | Gained mutation: Your mind is very acute. (Int +8, Str/Dex
                  | -2) [Jiyva's grace]
  9839 | Lair:4   | Gained mutation: Your muscles are strong. (Str +4, Int/Dex
                  | -1) [Jiyva's grace]
  9839 | Lair:4   | Gained mutation: Your muscles are very strong. (Str +8,
                  | Int/Dex -2) [Jiyva's grace]
 10021 | Lair:4   | Noticed Nessos
 10036 | Lair:4   | Killed Nessos
 10606 | Lair:5   | Entered Level 5 of the Lair of Beasts
 11096 | Lair:5   | Reached skill level 16 in Fighting
 11188 | Lair:5   | Reached skill level 10 in Dodging
 11201 | Lair:5   | Reached XP level 14. HP: 148/150 MP: 14/14
 11368 | Lair:5   | Found a staircase to the Slime Pits.
 12054 | D:11     | Found Apsa's Book Emporium.
 12649 | D:11     | Lost mutation: You are agile. (Dex +4, Str/Int -1) [Jiyva's
                  | grace]
 12649 | D:11     | Gained mutation: You are agile. (Dex +4, Str/Int -1)
                  | [Jiyva's grace]
 12649 | D:11     | Gained mutation: You are very agile. (Dex +8, Str/Int -2)
                  | [Jiyva's grace]
 12649 | D:11     | Gained mutation: You have a small jelly attached to you
                  | that senses nearby items. [Jiyva's grace]
 12649 | D:11     | Gained mutation: You possess an exceptional clarity of
                  | mind. [Jiyva's grace]
 12749 | D:11     | Found a portal to a secret trove of treasure.
 13062 | D:12     | Found a staircase to the Orcish Mines.
 13120 | D:12     | Found a transporter.
 13121 | D:12     | Found a transporter.
 13122 | D:12     | Noticed squishfish's ghost (journeyman TrMo)
 13400 | Orc:1    | Entered Level 1 of the Orcish Mines
 13603 | Orc:2    | Entered Level 2 of the Orcish Mines
 13613 | Orc:2    | Found Noil's Assorted Antiques.
 13648 | Orc:2    | Found a staircase to the Elven Halls.
 13669 | Orc:2    | Found Wuuni's Jewellery Shop.
 13745 | Orc:2    | Lost mutation: Your mind is very acute. (Int +8, Str/Dex
                  | -2) [Jiyva's grace]
 13745 | Orc:2    | Gained mutation: Your pliable body absorbs attacks. (AC +2,
                  | EV +2) [Jiyva's grace]
 13745 | Orc:2    | Gained mutation: Your gelatinous body deflects attacks. (AC
                  | +3, EV +3) [Jiyva's grace]
 13745 | Orc:2    | Gained mutation: Your system is resistant to poisons.
                  | (rPois) [Jiyva's grace]
 13745 | Orc:2    | Gained mutation: You have hidden genetic potential.
                  | [Jiyva's grace]
 13774 | Orc:2    | Reached skill level 1 in Evocations
 14060 | Orc:2    | Reached skill level 17 in Fighting
 14102 | Orc:2    | Found Wooz's Magic Scroll Emporium.
 14102 | Orc:2    | Found Joudaith's General Store.
 14103 | Orc:2    | Found Mynuompiry's Antique Weapon Shoppe.
 14103 | Orc:2    | Found Paiphud's Assorted Antiques.
 14110 | Orc:2    | Bought a scroll of noise for 12 gold pieces
 14110 | Orc:2    | Bought a scroll of immolation for 48 gold pieces
 14304 | Orc:2    | Bought a scroll labelled NELLAJ ROENOG for 26 gold pieces
 14304 | Orc:2    | Bought a sapphire potion for 23 gold pieces
 14308 | Orc:2    | Noticed an orc warlord
 14330 | Orc:2    | Killed an orc warlord
 14718 | Orc:2    | Bought a glowing morningstar for 203 gold pieces
 14862 | Orc:1    | Found Vocusyn's Assorted Antiques.
 14870 | Orc:1    | Bought a green potion for 31 gold pieces
 14870 | Orc:1    | Bought a scroll labelled ASEYGI SEFIEM for 35 gold pieces
 14988 | Orc:1    | Found an iron altar of Okawaru.
 15199 | D:13     | Reached XP level 15. HP: 161/161 MP: 15/15
 15397 | D:13     | Identified the +11 glaive "Nickeati" {venom, SInv}
 15399 | Abyss:2  | Cast into level 2 of the Abyss (a wizard)
 15404 | Abyss:2  | Found a corrupted altar of Lugonu.
 15646 | Abyss:2  | Reached skill level 5 in Evocations
 15660 | D:13     | Escaped the Abyss
 15664 | D:13     | Gained mutation: You have large cloven feet. [hidden
                  | potential]
 15717 | D:13     | Lost mutation: You are very agile. (Dex +8, Str/Int -2)
                  | [Jiyva's grace]
 15717 | D:13     | Lost mutation: You are robust. (+10% HP) [Jiyva's grace]
 15717 | D:13     | Lost mutation: You have hidden genetic potential. [Jiyva's
                  | grace]
 15717 | D:13     | Lost mutation: You have a small jelly attached to you that
                  | may absorb projectiles. [Jiyva's grace]
 15717 | D:13     | Gained mutation: You have a pair of large horns on your
                  | head. [Jiyva's grace]
 15717 | D:13     | Gained mutation: You have very sharp teeth. [Jiyva's grace]
 15717 | D:13     | Gained mutation: You have extremely sharp teeth. [Jiyva's
                  | grace]
 15717 | D:13     | Gained mutation: You have razor-sharp teeth. [Jiyva's
                  | grace]
 16575 | D:14     | Found a gate to the Vaults.
 16758 | D:14     | Reached skill level 18 in Fighting
 16981 | D:15     | Entered Level 15 of the Dungeon
 16981 | D:15     | Lost mutation: You have razor-sharp teeth. [Jiyva's grace]
 16981 | D:15     | Lost mutation: You possess an exceptional clarity of mind.
                  | [Jiyva's grace]
 16981 | D:15     | Lost mutation: Your muscles are very strong. (Str +8,
                  | Int/Dex -2) [Jiyva's grace]
 16981 | D:15     | Gained mutation: You passively dampen the noise of your
                  | surroundings. [Jiyva's grace]
 16981 | D:15     | Gained mutation: You are covered in slimy tendrils that may
                  | disarm your opponents. [Jiyva's grace]
 16981 | D:15     | Gained mutation: Your mind is very acute. (Int +8, Str/Dex
                  | -2) [Jiyva's grace]
 16981 | D:15     | Gained mutation: Your flesh is cold resistant. (rC+)
                  | [Jiyva's grace]
 17017 | D:15     | Found a one-way gate to the infinite horrors of the Abyss.
 17017 | D:15     | Noticed Qishud's ghost (adept GrEE)
 17019 | D:15     | Noticed a Hell Sentinel
 17072 | D:15     | an ice dragon changed into a storm dragon
 17072 | D:15     | Noticed a storm dragon (glowing shapeshifter)
 17073 | D:15     | a storm dragon changed into an azure jelly
 17073 | D:15     | Noticed an azure jelly (glowing shapeshifter)
 17076 | D:15     | Found a staircase to the Depths.
 17089 | D:15     | Noticed a fire giant
 17118 | D:15     | Noticed a tentacled starspawn
 17146 | D:15     | Reached skill level 15 in Dodging
 17246 | D:15     | Noticed a frost giant
 17248 | D:15     | a frost giant changed into a shadow dragon
 17248 | D:15     | Noticed a shadow dragon (glowing shapeshifter)
 17260 | D:15     | Found a transporter.
 17273 | D:15     | Found a transporter.
 17335 | D:15     | Noticed a juggernaut
 17336 | D:15     | a juggernaut changed into a shard shrike
 17336 | D:15     | Noticed a shard shrike (glowing shapeshifter)
 17346 | D:15     | a shard shrike changed into a juggernaut
 17346 | D:15     | Noticed a juggernaut (glowing shapeshifter)
 17391 | D:15     | Noticed a shadow dragon
 17396 | D:15     | a shadow dragon changed into a caustic shrike
 17396 | D:15     | Noticed a caustic shrike (glowing shapeshifter)
 17398 | D:15     | a caustic shrike changed into an iron giant
 17398 | D:15     | Noticed an iron giant (glowing shapeshifter)
 17403 | D:15     | Noticed an iron dragon
 17403 | D:15     | an iron dragon changed into an iron giant
 17403 | D:15     | Noticed an iron giant (glowing shapeshifter)
 17439 | D:15     | Noticed Josephine
 17450 | D:15     | Killed Josephine
 17660 | Shoals:1 | Entered Level 1 of the Shoals
 17665 | Shoals:1 | Noticed Jorgrun
 17675 | Shoals:1 | Killed Jorgrun
 18037 | Shoals:1 | Found Bexzuzur's Distillery.
 18054 | Shoals:1 | Bought a potion of heal wounds for 75 gold pieces
 18090 | Shoals:1 | Reached XP level 16. HP: 159/159 MP: 16/16
 18471 | Shoals:2 | Reached skill level 1 in Throwing
 18478 | Shoals:2 | Noticed a kraken
 18497 | Shoals:2 | Killed a kraken
 18557 | Shoals:2 | Identified the +1 robe "Goinn" {rC+}
 18818 | Shoals:2 | Lost mutation: You have extremely sharp teeth. [Jiyva's
                  | grace]
 18818 | Shoals:2 | Lost mutation: Your mind is very acute. (Int +8, Str/Dex
                  | -2) [Jiyva's grace]
 18818 | Shoals:2 | Lost mutation: Your flesh is cold resistant. (rC+) [Jiyva's
                  | grace]
 18818 | Shoals:2 | Lost mutation: You have an increased reservoir of magic.
                  | (+10% MP) [Jiyva's grace]
 18818 | Shoals:2 | Lost mutation: Your muscles are strong. (Str +4, Int/Dex
                  | -1) [Jiyva's grace]
 18818 | Shoals:2 | Lost mutation: Your gelatinous body deflects attacks. (AC
                  | +3, EV +3) [Jiyva's grace]
 18818 | Shoals:2 | Lost mutation: Your melee attacks may engulf your foes in
                  | ooze. [Jiyva's grace]
 18818 | Shoals:2 | Gained mutation: Your body has grown eyes which may confuse
                  | attackers. (Acc +3) [Jiyva's grace]
 18818 | Shoals:2 | Gained mutation: Your body has grown many eyes which may
                  | confuse attackers. (Acc +5) [Jiyva's grace]
 18818 | Shoals:2 | Gained mutation: Your body is covered in eyes which may
                  | confuse attackers. (Acc +7, SInv) [Jiyva's grace]
 18818 | Shoals:2 | Gained mutation: Your gelatinous body deflects attacks. (AC
                  | +3, EV +3) [Jiyva's grace]
 19035 | Shoals:3 | Reached skill level 19 in Fighting
 19733 | Shoals:4 | Entered Level 4 of the Shoals
 19828 | Shoals:4 | Reached skill level 5 in Throwing
 19871 | Shoals:4 | Lost mutation: You have a pair of large horns on your head.
                  | [Jiyva's grace]
 19871 | Shoals:4 | Lost mutation: Your body is covered in eyes which may
                  | confuse attackers. (Acc +7, SInv) [Jiyva's grace]
 19871 | Shoals:4 | Lost mutation: Your gelatinous body deflects attacks. (AC
                  | +3, EV +3) [Jiyva's grace]
 19871 | Shoals:4 | Lost mutation: You are covered in slimy tendrils that may
                  | disarm your opponents. [Jiyva's grace]
 19871 | Shoals:4 | Gained mutation: Armour fits poorly on your pseudopods.
                  | [Jiyva's grace]
 19871 | Shoals:4 | Gained mutation: Armour fits poorly on your large
                  | pseudopods. [Jiyva's grace]
 19871 | Shoals:4 | Gained mutation: Armour fits poorly on your massive
                  | pseudopods. [Jiyva's grace]
 19871 | Shoals:4 | Gained mutation: Your flesh is cold resistant. (rC+)
                  | [Jiyva's grace]
 19886 | Shoals:4 | Mangled by an alligator snapping turtle

Illustrated notes

Levels and vault maps discovered:
D:1:      minmay_arrival_cross, layout_basic, minmay_heptomino_h4
D:2:      layout_basic, chequers_ecumenical_altar_island, st_stairs_6,
          uniq_jessica
D:3:      layout_basic, uniq_terence
D:4:      layout_basic, biasface_ghost_orc_armoury
D:5:      layout_cave_pods
D:6:      layout_rooms, minmay_door_square
D:7:      layout_loops_corners, minmay_temple_entry_grid
D:8:      layout_loops_ring, serial_shops, nicolae_shop_window_shopping,
          minivault_21
D:9:      layout_rooms, trog_hazing_becter, uniq_maurice, uniq_erolcha
D:10:     layout_basic, minitemple, erik_lair_island, fungi_pond_lemuel,
          small_statue_intersection
D:11:     layout_roguey [special_room_bee], nicolae_trove_entry_path_of_doom,
          serial_shops, nicolae_shop_competitors_out_of_business
D:12:     layout_cave_pools, orc_0_dummy, gammafunk_ghost_smash
D:13:     minmay_curly_fans, layout_loops_corners
D:14:     layout_irregular_city, david_vaults_2, kennysheep_path_1
D:15:     gammafunk_enter_depths_forms, layout_rooms, minmay_misc_feat_plants,
          gammafunk_ghost_abyssal_escape, grunt_decor_fettered, uniq_josephine
Lair:1:   layout_roguey, chequers_serial_rivers_large_b
Lair:2:   layout_misc_corridors, elwin_shoals_entry_stream, basic_altar,
          grunt_megastairs_5, lemuel_fruit_tree, infiniplex_staircase_pool
Lair:3:   layout_cave_pods, minmay_snake_entry_six_corridors, ldierk_geyser,
          infiniplex_staircase_pool_2, lemuel_fruit_fields
Lair:4:   layout_cave_shapes, lookout_lair_type, grunt_megastairs_1,
          serial_bayou_shore_a, uniq_nessos
Lair:5:   evilmike_catoblepas_cave, layout_long_grid,
          minmay_slime_entry_oklob_open, lemuel_fruit_fields
Shoals:1: layout_shoals, serial_shops, nicolae_shop_advertising_works
          [nicolae_subvault_shop_adworks], uniq_jorgrun
Shoals:2: layout_shoals, st_cyclops
Shoals:3: layout_shoals, nicolae_shoals_songs
Shoals:4: shoals_end_grunt_ice, layout_shoals
Orc:1:    layout_caves, serial_shops, shop, okawaru_metal_pillars_1_2
Orc:2:    st_orc_pillars, layout_caves, serial_shops, shop,
          nicolae_shop_gaudy_bauble

Skill      XL: |  1  2  3  4  5  6  7  8  9 10 11 12 13 14 15 16 |
---------------+-------------------------------------------------+-----
Maces & Flails | 3 4 5 6 8 10 12 14 15 16 | 16.0
Fighting       | 4 5 6 7 9 11 13 15 16 17 18 19 | 19.5
Armour         | 4 5 6 7 9 11 13 14 | 14.6
Dodging        | 6 10 13 15 17 | 17.3
Shields        | 6 8 9 |  9.4
Evocations     | 4 6 7 |  7.0
Throwing       | 5 |  5.4

Action                     |  1- 3 |  4- 6 |  7- 9 | 10-12 | 13-15 | 16-18 || total
---------------------------+-------+-------+-------+-------+-------+-------++-------
  Melee: Flail             |    52 |   138 |   296 |       |       |       ||   486
         Headbutt          |     8 |    26 |    70 |   135 |   352 |   108 ||   699
         Morningstar       |       |       |    39 |   553 |  1401 |   401 ||  2394
         Bite              |       |       |       |       |    35 |    60 ||    95
  Throw: Dart              |       |     2 |       |       |     1 |    10 ||    13
         Stone             |       |       |     4 |     1 |       |       ||     5
         Javelin           |       |       |       |       |     3 |     1 ||     4
         Boomerang         |       |       |       |       |       |     5 ||     5
         Throwing net      |       |       |       |       |       |     1 ||     1
 Invoke: Slimify           |       |       |     1 |       |       |       ||     1
         Oozemancy         |       |       |       |     1 |       |       ||     1
  Evoke: Wand              |       |       |     1 |       |    12 |       ||    13
    Use: Scroll            |       |     2 |       |     2 |     4 |     2 ||    10
         Potion            |       |       |       |     5 |     1 |     4 ||    10
   Stab: Distracted        |       |       |     1 |       |       |       ||     1
         Paralysed         |       |       |     3 |       |     5 |       ||     8
         Invisible         |       |       |       |     2 |       |       ||     2
         Confused          |       |       |       |       |       |    10 ||    10
 Armour: Scale mail        |    20 |    42 |       |       |       |       ||    62
         Plate armour      |       |    65 |   245 |   334 |   577 |   154 ||  1375
  Dodge: Dodged            |    20 |    61 |   102 |   218 |   749 |   224 ||  1374
  Block: Buckler           |    10 |    35 |    68 |   124 |   415 |   209 ||   861
         Reflection        |       |       |       |       |    10 |    22 ||    32
